 Dungeon Crawl Stone Soup version 0.31-a0-1612-g4aaf141 (webtiles) character file.

Game seed: 15602431810124759363

3 PidgeyThePirate the Trooper (level 1, 0/18 HPs)
             Began as a Demonspawn Chaos Knight on Jan 8, 2024.
             Was a Plaything of Xom.
             Slain by a kobold
             ... wielding a +0 short sword
              (1 damage)
             ... on level 1 of the Dungeon.
             The game lasted 00:00:09 (32 turns).

PidgeyThePirate the Trooper (Demonspawn Chaos Knight) Turns: 32, Time: 00:00:10

Health: 0/18       AC:  5    Str: 12    XL:     1   Next: 41%
Magic:  1/1        EV: 11    Int: 12    God:    Xom [..*...]
Gold:   10         SH:  0    Dex: 12    Spells: 0/0 levels left

rFire   . . .        a - +0 hand axe (chaos)
rCold   . . .        (no shield)
rNeg    . . .        b - +2 leather armour
rPois   .            (no helmet)
rElec   .            (no cloak)
rCorr   .            (no gloves)
SInv    .            (no boots)
Will    .....        (no amulet)
Stlth   +            (no ring)
HPRegen 0.23/turn    (no ring)
MPRegen 0.07/turn

%: no passive effects
@: invisible
A: no striking features
a: Renounce Religion


You were on level 1 of the Dungeon.
You worshipped Xom.
You were a toy of Xom.
You visited 1 branch of the dungeon, and saw 1 of its levels.

You collected 10 gold pieces.

Inventory:

Hand Weapons
 a - a +0 hand axe of chaos (weapon)
Armour
 b - a +2 leather armour (worn)
Scrolls
 c - a scroll of butterflies
 d - a scroll of identify {unknown}


   Skills:
 + Level 3.2 Fighting
 + Level 2.6 Axes
 + Level 1.7 Armour
 + Level 0.8 Dodging


You couldn't memorise any spells.
You didn't know any spells.
Your spell library was empty.

Dungeon Overview and Level Annotations

Branches:
Dungeon (1/15)

Altars:


Message History

The goblin hits you with a +0 dagger. The goblin hits you with a +0 club.
The kobold shouts!
The goblin hits you but does no damage. The endoplasm freezes you.
You are frozen.
The goblin closely misses you.
Things that are here:
a +0 short sword; a kobold corpse You hit the endoplasm but do no damage.
You hit the goblin but do no damage. You hit the goblin.
The goblin seems to speed up.
Xom is highly amused!
The goblin hits you with a +0 club. The goblin hits you with a +0 dagger.
The endoplasm hits you but does no damage.
The goblin barely misses you.
You barely miss the endoplasm. You hit the goblin.
You kill the goblin!
You hit the goblin. You freeze the goblin.
You kill the goblin!
Xom grants you a minor favour.
You fade into invisibility!
The endoplasm closely misses you. The endoplasm freezes you.
* * * LOW HITPOINT WARNING * * *
You hit the endoplasm.
The endoplasm is almost dead.
The endoplasm barely misses you.
You hit the endoplasm but do no damage.
The endoplasm is almost dead.
You hit the kobold.
The kobold seems to slow down.
The endoplasm freezes you.
* * * LOW HITPOINT WARNING * * *
You hit the endoplasm but do no damage.
The endoplasm is almost dead.
You barely miss the kobold. The kobold barely misses you.
The endoplasm hits you but does no damage.
You hit the endoplasm.
You kill the endoplasm!
You closely miss the kobold.
The kobold is no longer moving slowly.
The kobold hits you with a +0 short sword.
You die... "It was about time."

########################
........................
........................
#...####...#####...#####
#...# #...# #.).#
....####...# #@).#
..<........#####.K.#
...................#
######...............
#...#####........ #...#
#...####... #...# #...#
... #...# #...# .. .....


You could see a kobold (unable to see you).

Vanquished Creatures
  An endoplasm (D:1)
  A kobold (D:1)
  2 goblins (D:1)
4 creatures vanquished.

Notes
Turn   | Place    | Note
-------+----------+-------------------------------------------
     0 | D:1      | PidgeyThePirate the Demonspawn Chaos Knight began the quest
                  | for the Orb.
     0 | D:1      | Reached XP level 1. HP: 18/18 MP: 1/1
     0 | D:1      | XOM: divination: detect creatures
    28 | D:1      | XOM: potion effect (invisibility)
    32 | D:1      | Slain by a kobold

Illustrated notes

Levels and vault maps discovered:
D:1:      dpeg_arrival_boxorama, layout_basic, ebering_ecumenical_altar_webs,
          minmay_tetromino_l2

Action                     || total
---------------------------++-------
  Melee: Hand axe          ||    10
 Armour: Leather armour    ||    11
  Dodge: Dodged            ||     5

Table legend: (Time is in decaauts)
 A = Elapsed time spent in this place.
 B = Non-inter-level travel time spent in this place.
 C = Inter-level travel time spent in this place.
 D = Time resting spent in this place.
 E = Time spent auto-exploring this place.
 F = Levels seen in this place.
 G = Mean time per level.
                   A        B        C        D        E       F      G
               +--------+--------+--------+--------+--------+-----+--------+
         Total |     33 |     33 |      0 |      0 |     16 |   1 |   33.0 |
       Dungeon |     33 |     33 |      0 |      0 |     16 |   1 |   33.0 |
               +--------+--------+--------+--------+--------+-----+--------+

Top non-repeatable levels by time:
     D:1: 33 daAuts
